 Dungeon Crawl Stone Soup version 0.30-a0-1161-g0704695555 (webtiles) character file.

Game seed: 9990814827998029194

3 sircluck the Chopper (level 1, 0/20 HPs)
             Began as a Hill Orc Berserker on Apr 27, 2023.
             Was a Follower of Trog.
             Slain by a jackal (2 damage)
             ... on level 1 of the Dungeon.
             The game lasted 00:00:11 (60 turns).

sircluck the Chopper (Hill Orc Berserker)             Turns: 60, Time: 00:00:11

Health: 0/20       AC:  2    Str: 19    XL:     1   Next: 50%
Magic:  1/1        EV: 12    Int:  7    God:    Trog [*.....]
Gold:   0          SH:  0    Dex: 10    Spells: 0/0 levels left

rFire   . . .        a - +0 hand axe
rCold   . . .        (no shield)
rNeg    . . .        b - +0 animal skin
rPois   .            (no helmet)
rElec   .            (no cloak)
rCorr   .            (no gloves)
SInv    .            (no boots)
Will    .....        (no amulet)
Stlth   +            (no ring)
HPRegen 0.23/turn    (no ring)
MPRegen 0.07/turn

%: no passive effects
@: very slow
A: no striking features
a: Renounce Religion, Berserk


You were on level 1 of the Dungeon.
You worshipped Trog.
Trog was aware of your devotion.
You visited 1 branch of the dungeon, and saw 1 of its levels.

Inventory:

Hand Weapons
 a - a +0 hand axe (weapon)
Armour
 b - a +0 animal skin (worn)


   Skills:
 + Level 3.7 Fighting
 + Level 4.1 Axes
 + Level 2.2 Armour
 + Level 1.6 Dodging


You couldn't memorise any spells.
You didn't know any spells.
Your spell library was empty.

Dungeon Overview and Level Annotations

Branches:
Dungeon (1/15)

Altars:


Message History

The jackal bites you. The jackal barely misses you.
A rat comes into view.
The jackal closely misses you. The jackal bites you.
The jackal completely misses you.
The jackal splashes around in the water.
The jackal bites you.
The jackal splashes around in the water.
The jackal bites you. The jackal bites you.
* * * LOW HITPOINT WARNING * * *
The ball python bites you.
* * * LOW HITPOINT WARNING * * *
The ball python barely misses you.
An endoplasm comes into view.
A frilled lizard comes into view.
The jackal closely misses you.
The jackal splashes around in the water.
The jackal closely misses you.
Unknown command.
The endoplasm quivers.
The frilled lizard hisses angrily.
The ball python misses you. The ball python closely misses you.
The jackal barely misses you. x2
The jackal splashes around in the water.
The jackal completely misses you. The ball python bites you.
* * * LOW HITPOINT WARNING * * *
The ball python barely misses you.
The jackal splashes around in the water. x2
The jackal bites you.
* * * LOW HITPOINT WARNING * * *
The ball python barely misses you. x2
The jackal bites you but does no damage. x2
The jackal bites you.
* * * LOW HITPOINT WARNING * * *
The jackal barely misses you.
The jackal splashes around in the water.
The ball python closely misses you. The ball python barely misses you.
The jackal bites you.
You die...

......#....#.~~≈≈~..#
..8...####.#.~≈≈≈≈..#
......# #.#$P~~≈≈~.#
......# #.#..~~≈~..##
# #8.8###
#.#..~~≈~...#.# #####
####..).~~≈.P....
#.......#...~~~..##
###>.......~hhP...#
#######.~rS@≈~~.#
#.g≈≈≈h≈.....
#.lh≈≈≈h~...#
....~~~≈≈~~~..#
.#...PJ≈≈≈..... #
###.~~≈≈≈~~...
#.P~≈≈≈~.~..
#..~≈≈≈~~...


You could see an endoplasm, 5 jackals, a hobgoblin, a ball python, a frilled
lizard and a rat.

Vanquished Creatures
  A ball python (D:1)
  2 goblins (D:1)
3 creatures vanquished.

Vanquished Creatures (others)
  6 plants (D:1)
6 creatures vanquished.

Grand Total: 9 creatures vanquished

Notes
Turn   | Place    | Note
-------+----------+-------------------------------------------
     0 | D:1      | sircluck the Hill Orc Berserker began the quest for the
                  | Orb.
     0 | D:1      | Reached XP level 1. HP: 19/19 MP: 1/1
    60 | D:1      | Slain by a jackal

Illustrated notes

Levels and vault maps discovered:
D:1:      mrwooster_arrival_statue_3, layout_loops_cross, chequers_big_river,
          minmay_tiny_reverse_x

Action                     || total
---------------------------++-------
  Melee: Hand axe          ||    12
 Armour: Animal skin       ||     4
  Dodge: Dodged            ||    28

Table legend: (Time is in decaauts)
 A = Elapsed time spent in this place.
 B = Non-inter-level travel time spent in this place.
 C = Inter-level travel time spent in this place.
 D = Time resting spent in this place.
 E = Time spent auto-exploring this place.
 F = Levels seen in this place.
 G = Mean time per level.
                   A        B        C        D        E       F      G
               +--------+--------+--------+--------+--------+-----+--------+
         Total |     61 |     61 |      0 |      0 |     26 |   1 |   61.0 |
       Dungeon |     61 |     61 |      0 |      0 |     26 |   1 |   61.0 |
               +--------+--------+--------+--------+--------+-----+--------+

Top non-repeatable levels by time:
     D:1: 61 daAuts
